 Seeded DCSS version 0.29.1-12-g30fa7ad0bf (webtiles) character file.

Game seed: 20221214 (custom seed)

35 jessy the Ducker (level 3, -5/28 HPs)
             Began as a Djinni Gladiator on Dec 14, 2022.
             Slain by Sigmund
             ... wielding a +0 scythe
              (8 damage)
             ... on level 2 of the Dungeon.
             The game lasted 00:03:22 (766 turns).

jessy the Ducker (Djinni Gladiator)                  Turns: 766, Time: 00:03:22

Health: -5/28      AC:  9    Str: 15    XL:     3   Next: 52%
Gold:   97         EV:  7    Int:  9    God:
                   SH:  3    Dex: 14

rFire   + + .      SeeInvis .   a - +0 long sword
rCold   x . .      Faith    .   l - +0 buckler
rNeg    . . .      Spirit   .   n - +0 chain mail
rPois   ∞          Reflect  .   c - +0 helmet
rElec   .          Harm     .   (no cloak)
rCorr   .          Rampage  .   (no gloves)
Will    .....                   (boots unavailable)
Stlth   ..........              (no amulet)
HPRegen 0.09/turn               (no ring)
MPRegen 0.00/turn               (no ring)

@: flying
A: sickness immunity, fire resistance 2, cold vulnerability 1, float, innate
caster, HP casting, extra vitality 1
a: no special abilities


You were on level 2 of the Dungeon.
You visited 1 branch of the dungeon, and saw 2 of its levels.

You collected 97 gold pieces.

Inventory:

Hand Weapons
 a - a +0 long sword (weapon)
 g - a +1 dagger of electrocution
Missiles
 d - 3 throwing nets
 e - a javelin (quivered)
Armour
 b - a +0 leather armour
 c - a +0 helmet (worn)
 l - a +0 buckler (worn)
 n - a +0 chain mail (worn)
Scrolls
 m - a scroll of teleportation {unknown}
Potions
 f - a potion of degeneration {unknown}
 h - a potion of might {unknown}
 i - a potion of invisibility {unknown}
 j - a potion of curing {unknown}
 k - a potion of brilliance {unknown}


   Skills:
 + Level 2.1 Fighting
 + Level 3.3 Long Blades
 + Level 1.6 Throwing
 + Level 0.3 Armour
 + Level 3.8 Dodging


You had one spell level left.
You knew the following spells:

 Your Spells              Type           Power      Damage    Failure   Level
a - Apportation           Tloc           0%         N/A       100%        1
Your spell library was empty.


Dungeon Overview and Level Annotations

Branches:
Dungeon (2/15)

Altars:

Annotations:
D:2 Sigmund


Innate Abilities, Weirdness & Mutations

You are immune to sickness and miasma.
You are immune to poison.
Your flesh is very heat resistant. (rF++)
You are vulnerable to cold. (rC-)
You float through the air rather than walking.
You learn spells naturally, not from books.
Your magical power is your life essence.
You have superior vitality. (+4 MHP)


Message History

Found 7 gold pieces.
Sigmund smiles chillingly.
Sigmund casts a spell at you. The magic dart hits you.
You see here 9 gold pieces.
You now have 97 gold pieces (gained 9).
Sigmund barely misses you.
An adder comes into view.
Sigmund hits you from afar with a +0 scythe!
Found a bubbling black potion.
Found a dagger.
Sigmund gestures at you while chanting. You resist with some effort.
Found a scroll labelled TOEFUO JORUIC.
Sigmund screams, "Don't try to resist!"
You see here a book of the Hunter.
The book of the Hunter burns to shimmering ash in your grasp.
You block the adder's attack.
Sigmund points at you and mumbles some strange words.
The magic dart hits you. The adder attacks as you move away!
The adder bites you but does no damage. x2
The adder bites you but does no damage.
You closely miss the adder. The adder closely misses you.
Sigmund gestures wildly while chanting.
Sigmund flickers and vanishes!
Deactivating autopickup; reactivate with Ctrl-A.
The adder barely misses you.
You closely miss the adder. The adder bites you but does no damage.
Something hits you.
* * * LOW HITPOINT WARNING * * *
You miss the adder. The adder bites you but does no damage.
The adder barely misses you. Something hits you.
* * * LOW HITPOINT WARNING * * *
You slash the adder!
You kill the adder!
You hear some strange, mumbled words.
A puff of flame appears from out of thin air!
The puff of flame hits you. You resist.
* * * LOW HITPOINT WARNING * * *
You barely miss something. Something hits you!
You die...

#. #.).#
##.###...#
.........#
.#.......#
#.......#
#.......#
#.......#########
#...............#
...$..........{@.#
.................#
.................#
................?#
...........$....#
..............!.#
...)............#
#######.........#


There were no monsters in sight!

Vanquished Creatures
  An adder (D:2)
  5 ball pythons (D:1)
  An endoplasm (D:1)
  2 giant cockroaches (D:1)
  4 goblins
  3 hobgoblins (D:1)
  3 bats (D:1)
  3 frilled lizards (D:1)
  2 rats (D:1)
24 creatures vanquished.

Notes
Turn   | Place    | Note
-------+----------+-------------------------------------------
     0 | D:1      | jessy the Djinni Gladiator began the quest for the Orb.
     0 | D:1      | Reached XP level 1. HP: 18/18 MP: 0/0
   101 | D:1      | Reached XP level 2. HP: 22/23 MP: 0/0
   441 | D:1      | Reached XP level 3. HP: 28/28 MP: 0/0
   441 | D:1      | Learned a level 1 spell: Apportation
   735 | D:2      | Noticed Sigmund
   766 | D:2      | Slain by Sigmund

Illustrated notes

Levels and vault maps discovered:
D:1:      dpeg_arrival_fog, layout_basic, minmay_tetromino_t2
D:2:      layout_basic, dreamdust_mushroom_princess, chequers_mini_garden,
          guppyfry_early_orc_mine, uniq_crazy_yiuf_cottage, uniq_sigmund

Skill      XL: |  1  2 |
---------------+-------+-----
Long Blades    | 3 |  3.3
Fighting       | |  2.1
Throwing       | |  1.6
Armour         | |  0.3
Dodging        | |  3.8

Action                   || total
-------------------------++-------
Melee: Long sword        ||    60
Throw: Javelin           ||     1
Armor: Leather armour    ||    25
       Chain mail        ||     6
Dodge: Dodged            ||    68
Block: Buckler           ||     8
